 Dungeon Crawl Stone Soup version 0.30-b1-2-g02819fbbbe (webtiles) character file.

Game seed: 17512229179980541620

474 dorian the Digger (level 7, -1/52 HPs)
             Began as a Formicid Earth Elementalist on May 14, 2023.
             Slain by a gnoll
             ... wielding a +0 whip
             ... led by a gnoll sergeant
              (3 damage)
             ... on level 3 of the Dungeon on May 15, 2023.
             The game lasted 00:08:59 (3223 turns).

dorian the Digger (Formicid Earth Elementalist)     Turns: 3223, Time: 00:08:59

Health: -1/52      AC:  4    Str: 13    XL:     7   Next: 32%
Magic:  7/13       EV: 11    Int: 22    God:
Gold:   112        SH:  3    Dex: 14    Spells: 8/14 levels left

rFire   . . .        y - +2 dagger (elec)
rCold   . . .        e - +0 buckler
rNeg    . . .        a - +1 robe
rPois   .            (helmet unavailable)
rElec   .            (no cloak)
rCorr   .            v - +0 pair of gloves
SInv    +            (no boots)
Will    .....        (no amulet)
Stlth   ++           l - +6 ring of intelligence
HPRegen 0.28/turn    f - ring of wizardry
MPRegen 0.13/turn

%: wizardry (x1)
@: no status effects
A: permanent stasis, dig shafts and tunnels, antennae 3, four strong arms
a: Dig, Shaft Self


You were on level 3 of the Dungeon.
You visited 2 branches of the dungeon, and saw 8 of its levels.

You collected 112 gold pieces.

Inventory:

Hand Weapons
 g - a +0 dagger of venom
 y - a +2 dagger of electrocution (weapon)
Armour
 a - a +1 robe (worn)
 e - a +0 buckler (worn)
 v - a +0 pair of gloves (worn)
Magical Staves
 q - a staff of poison
 t - a staff of cold
Jewellery
 f - a ring of wizardry (right hand)
 l - a +6 ring of intelligence (left hand)
 s - the ring of Temptation {rC+ Str+4 Int+3}
   (You found it on level 6 of the Dungeon)

   [ring of protection from cold]

   Str:       It affects your strength (+4).
   Int:       It affects your intelligence (+3).
   rC:        It protects you from cold.
Scrolls
 j - 2 scrolls of vulnerability
 m - 3 scrolls of silence {unknown}
 n - a scroll of butterflies {unknown}
 o - a scroll of immolation {unknown}
 p - 2 scrolls of identify {unknown}
 r - 2 scrolls of amnesia {unknown}
 u - a scroll of enchant weapon {unknown}
Potions
 b - 2 potions of magic
 c - 3 potions of degeneration {unknown}
 d - a potion of attraction {unknown}
 h - a potion of might {unknown}
 i - a potion of heal wounds {unknown}
 k - 3 potions of brilliance {unknown}
 w - a potion of curing {unknown}
 x - a potion of haste {unknown}


   Skills:
 + Level 3.5 Fighting
 - Level 1.7 Dodging
 - Level 2.4 Stealth
 + Level 4.1 Spellcasting
 - Level 1.1 Transmutations
 * Level 7.1 Earth Magic


You had 8 spell levels left.
You knew the following spells:

 Your Spells              Type           Power      Damage    Failure   Level
a - Sandblast             Erth           72%        2d16      1%          1
b - Passwall              Tmut/Erth      18%        N/A       1%          2
c - Stone Arrow           Conj/Erth      40%        3d9       4%          3

Your spell library contained the following spells:

 Spells                   Type           Power      Damage    Failure   Level
 Petrify                  Tmut/Erth      22%        N/A       12%         4
 Tukima's Dance           Hex            4%         N/A       19%         3
 Passage of Golubria      Tloc           4%         N/A       50%         4
 Yara's Violent Unravell  Hex/Tmut       3%         3d4       77%         5


Dungeon Overview and Level Annotations

Branches:
Dungeon (7/15)             Temple (1/1) D:7

Altars:
Cheibriados
Gozag
Hepliaklqana
Makhleb
Ru
Sif Muna
Uskayaw
The Shining One

Shops:
D:2 =

Annotations:
D:2 1 runed translucent door, Crazy Yiuf
D:6 3 runed translucent doors


Innate Abilities, Weirdness & Mutations

You cannot be hasted, slowed, berserked, paralysed or teleported.
You can dig through walls and to a lower floor.
You have a pair of large antennae on your head. (SInv)
Your four strong arms can wield two-handed weapons with a shield.


Message History

The blast of sand hits the gnoll sergeant.
The gnoll sergeant is severely wounded.
The gnoll sergeant hits you from afar with a +0 trident.
You block the gnoll sergeant's attack.
Casting: Sandblast (safe; 1% risk of failure)
Confirm with . or Enter, or press ? or * to list all spells.
Aiming: Sandblast (safe; 1% risk of failure)
Press: ? - help, Shift-Dir - straight line, f/p - gnoll sergeant
Aim: a gnoll sergeant, wielding a +0 trident and wearing a +0 scale mail (severely wounded, 88% to hit)
The blast of sand hits the gnoll sergeant but does no damage.
The gnoll sergeant is severely wounded.
The gnoll sergeant closely misses you.
Casting: Sandblast (safe; 1% risk of failure)
Confirm with . or Enter, or press ? or * to list all spells.
Aiming: Sandblast (safe; 1% risk of failure)
Press: ? - help, Shift-Dir - straight line, f/p - gnoll sergeant
Aim: a gnoll sergeant, wielding a +0 trident and wearing a +0 scale mail (severely wounded, 88% to hit)
The blast of sand hits the gnoll sergeant.
The gnoll sergeant is severely wounded.
The gnoll sergeant hits you from afar with a +0 trident!
The gnoll sergeant hits you from afar with a +0 trident.
Casting: Sandblast (safe; 1% risk of failure)
Confirm with . or Enter, or press ? or * to list all spells.
Aiming: Sandblast (safe; 1% risk of failure)
Press: ? - help, Shift-Dir - straight line, f/p - gnoll sergeant
Aim: a gnoll sergeant, wielding a +0 trident and wearing a +0 scale mail (severely wounded, 88% to hit)
The blast of sand hits the gnoll sergeant but does no damage.
The gnoll sergeant is severely wounded.
The gnoll sergeant hits you from afar with a +0 trident.
* * * LOW HITPOINT WARNING * * *
The gnoll barely misses you.
Okay, then.
The gnoll attacks as you move away! You block the gnoll's attack.
Are you sure you want to shaft yourself?
The gnoll barely misses you.
You begin to dig a shaft.
You continue digging a shaft.
The gnoll sergeant hits you from afar with a +0 trident!
* * * LOW HITPOINT WARNING * * *
The gnoll hits you with a +0 whip.
You die...

..............................#.#
...........######..##.#.......#.#
...##..###.........#.>.......##.#
...##..# ##...##.##.........###.#
...##..# ##..#..##.........###.#
#####..#####.g......##..######..#
##...........)g.###.##.#######.##
)......###..##..g...##.#.........
..###......###..@.##.[.#.........
#.# #......# #..#....###.........
..# #..†...# #..##....##.........
### #.....#....###.##.########..#
# #.......#.## #.##..### ##.#
#......##.# #.###...# ####.#
#.....###. #.# ###.###..... #
#.....# ..# #......... # .##
#####...>.


You could see a gnoll sergeant and 2 gnolls.

Vanquished Creatures
  A sky beast (Temple)
  A scorpion (D:5)
  3 hounds
  An iguana (D:2)
  Natasha (D:2)
  Terence (D:3)
  An orc wizard (D:4)
  Robin (D:2)
  3 gnolls
  2 adders
  3 dart slugs
  3 orcs (D:4)
  5 ball pythons
  3 endoplasms
  9 goblins
  5 hobgoblins
  7 jackals
  5 quokkas
  5 bats
  4 frilled lizards
  10 kobolds
  6 rats
80 creatures vanquished.

Vanquished Creatures (others)
  3 fungi (D:6)
  A plant (D:6)
4 creatures vanquished.

Grand Total: 84 creatures vanquished

Notes
Turn   | Place    | Note
-------+----------+-------------------------------------------
     0 | D:1      | dorian the Formicid Earth Elementalist began the quest for
                  | the Orb.
     0 | D:1      | Reached XP level 1. HP: 13/13 MP: 3/3
   152 | D:1      | Found a faded altar of an unknown god.
   189 | D:1      | Reached skill level 4 in Earth Magic
   189 | D:1      | Reached XP level 2. HP: 20/20 MP: 1/5
   554 | D:1      | Reached skill level 1 in Fighting
   636 | D:1      | Reached XP level 3. HP: 26/26 MP: 4/6
  1203 | D:2      | Noticed Robin
  1213 | D:2      | Killed Robin
  1214 | D:2      | Reached XP level 4. HP: 14/32 MP: 1/8
  1424 | D:2      | Found a runed translucent door.
  1425 | D:2      | Noticed Crazy Yiuf
  1496 | D:2      | Reached skill level 5 in Earth Magic
  1835 | D:2      | Noticed Natasha
  1837 | D:2      | Reached XP level 5. HP: 38/38 MP: 6/9
  1841 | D:2      | Killed Natasha
  1909 | D:2      | Found Utacvonn's Jewellery Emporium.
  1982 | D:3      | Learned a level 2 spell: Passwall
  1986 | D:3      | Learned a level 3 spell: Stone Arrow
  2076 | D:3      | Noticed Terence
  2230 | D:3      | Killed Terence
  2360 | D:3      | You fall into a shaft and drop 3 floors!
  2373 | D:6      | Identified the ring of Temptation {rC+ Str+4 Int+3}
  2383 | D:6      | Found a shimmering blue altar of Sif Muna.
  2389 | D:7      | Found a staircase to the Ecumenical Temple.
  2391 | D:7      | Noticed a sky beast
  2394 | Temple   | Entered the Ecumenical Temple
  2446 | Temple   | Killed a sky beast
  2447 | Temple   | Reached skill level 6 in Earth Magic
  2447 | Temple   | Reached XP level 6. HP: 24/46 MP: 5/11
  2630 | D:6      | Found a runed translucent gate.
  2631 | D:6      | Found a runed translucent gate.
  2631 | D:6      | Found a runed translucent gate.
  2673 | D:5      | Entered Level 5 of the Dungeon
  2792 | D:4      | Reached XP level 7. HP: 52/52 MP: 9/12
  2870 | D:4      | Reached skill level 7 in Earth Magic
  3223 | D:3      | HP: 2/52 [gnoll sergeant/+0 trident (11)]
  3223 | D:3      | Slain by a gnoll

Illustrated notes

Levels and vault maps discovered:
D:1:      tarquinn_simple_flora_water_c, layout_basic, basic_ecumenical_altar
D:2:      layout_basic, serial_shops, shop, uniq_crazy_yiuf_cottage,
          uniq_natasha, uniq_robin
D:3:      layout_rooms, serial_rivers, chequers_serial_rivers_large_b,
          chequers_serial_rivers_micro_d, chequers_serial_rivers_micro_a,
          chequers_serial_rivers_small_b, uniq_terence
D:4:      layout_rooms
D:5:      layout_basic, general_overflow_altar,
          mainiacjoe_overflow_small_starburst, uniq_sigmund, uniq_pikel,
          uniq_blork_the_orc
D:6:      layout_basic, nicolae_overflow_hidden_temple,
          mainiacjoe_overflow_surrounded_room, gammafunk_ghost_nasty_kobolds,
          dreamdust_princess_corridor, uniq_maggie
D:7:      layout_cave_pools, trog_ov_bears_minmay, xom_redecorated,
          minmay_temple_entry_overgrown, nicolae_wooded_promenade,
          uniq_prince_ribbit1, uniq_menkaure
Temple:   hellmonk_temple_of_storms

Skill      XL: |  1  2  3  4  5  6  7 |
---------------+----------------------+-----
Earth Magic    | 4 5 6 7 |  7.1
Fighting       | 1 2 3 |  3.5
Spellcasting   | 3 4 |  4.1
Dodging        | |  1.7
Stealth        | |  2.4
Transmutations | |  1.1

Action                     |  1- 3 |  4- 6 |  7- 9 || total
---------------------------+-------+-------+-------++-------
  Melee: Unarmed           |    13 |       |       ||    13
         Dagger            |       |     6 |     3 ||     9
   Cast: Sandblast         |    45 |    54 |    28 ||   127
Ability: Shaft Self        |       |       |     1 ||     1
    Use: Scroll            |     5 |       |       ||     5
   Stab: Sleeping          |       |     1 |       ||     1
 Armour: Robe              |    13 |     3 |     1 ||    17
  Dodge: Dodged            |    20 |    14 |    11 ||    45
  Block: Buckler           |     3 |     6 |     5 ||    14
